[Event "Live Chess"]
[Site "Chess.com"]
[Date "2024.06.02"]
[Round "-"]
[White "GwaryTek"]
[Black "defenderalist"]
[Result "0-1"]
[WhiteElo "1845"]
[BlackElo "1532"]
[TimeControl "300"]
[EndTime "3:34:43 PDT"]
[Termination "defenderalist won on time"]

1. d4 Nf6 2. c4 e6 3. Nc3 d5 4.
Nf3 c5 5. cxd5 Nxd5 6. g3 cxd4 7. Nxd4 Bb4 8. Bd2 a6 9. Bg2 Nxc3 10. bxc3 Be7 11.
O-O Qc7 12. Kh1 Bd7 13. Rb1 Nc6 14. Qb3 Rb8 15. Bf4 e5 16. Nxc6 Bxc6 17. Be3 Bxg2+ 18. Kxg2 O-O 19. Kg1 h6 20. Bb6 Qd7 21. Ba7 Rbc8 22. Qxb7 Rc7 23. Qxa6 Rxa7 24. Qb5 Qxb5 25. Rxb5 Rxa2 26.
Rxe5 Bf6 27. Re4 Bxc3 28. Kg2 Rfa8 29. Rc1 Bf6 30. Rc7 Kf8 31. h4 Re8 32. Rxe8+ Kxe8 33. Kf3 Be7 34. Rb7 f6 35. h5 Kf7 36. g4 Ke6 37. e3 Bd6 38. Rxg7 Bb4 39. Rb7 Be1 40. Rb6+ Kd5 0-1

[Event "Live Chess"]
[Site "Chess.com"]
[Date "2024.06.02"]
[Round "-"]
[White "Isambard_Thomas"]
[Black "oscalik"]
[Result "0-1"]
[WhiteElo "2179"]
[BlackElo "2245"]
[TimeControl "300"]
[EndTime "3:34:45 PDT"]
[Termination "oscalik won by resignation"]

1. d4 Nf6 2. Nf3 d5 3. Bg5 Ne4 4. h4 h6 5. Bf4 Nd7 6. c3 Ndf6 7.
e3 e6 8. Bd3 Bd6 9. Be5 c6 10. Qc2 Qc7 11. Bxd6 Nxd6 12. Ne5 b6 13. Bg6 fxg6 14. Qxg6+ Kf8 15. Rh3 Nf7 16. Rf3 Nxe5 17. dxe5 Qxe5 18. Nd2 Ba6 19. O-O-O Rg8 20. Nb3 Be2 21.
Rg1 Bxf3 22. gxf3 Qf5 23. Qg3 e5 24. f4 Ne4 25. Qg2 Nc5 26. fxe5 Nxb3+ 27. axb3 Ke7 28. f4 a5 29. c4 a4 30. cxd5 cxd5 31. Qxd5 Rac8+ 32. Kd1 Rgd8 0-1

[Event "Live Chess"]
[Site "Chess.com"]
[Date "2024.06.02"]
[Round "-"]
[White "KeithArkell"]
[Black "Brooms1989"]
[Result "1-0"]
[WhiteElo "2404"]
[BlackElo "1238"]
[TimeControl "300"]
[EndTime "3:35:02 PDT"]
[Termination "KeithArkell won by resignation"]

1. d4 Nf6 2. Nf3 g6 3. c4 Bg7 4. g3 O-O 5. Bg2 d6 6. O-O Nbd7 7. d5 e5 8. dxe6 fxe6 9. Nc3 e5 10. Bg5 h6 11.
Be3 c6 12. Qxd6 Re8 13. Nh4 Kh7 14. Qd3 e4 15. Nxe4 Nxe4 16. Bxe4 1-0

[Event "Live Chess"]
[Site "Chess.com"]
[Date "2024.06.02"]
[Round "-"]
[White "ogpin"]
[Black "ameetghasi100"]
[Result "0-1"]
[WhiteElo "2194"]
[BlackElo "2777"]
[TimeControl "300"]
[EndTime "3:35:09 PDT"]
[Termination "ameetghasi100 won by resignation"]

1. a4 g6 2. Ra3 d6 3. h4 h6 4. d4 Nd7 5. h5 g5 6. e4 Bg7 7. Bc4 e6 8. Ne2 a6 9. f4 gxf4 10.
Bxf4 Ngf6 11. Rg3 Bf8 12. Nbc3 c6 13. d5 cxd5 14. exd5 e5 15. Be3 Rg8 16. Rf1 Ng4 17.
Qd3 Qh4 18. Kd2 Qxh5 19. Ne4 Qg6 20. Rgf3 Nh2 21. Kc3 Nxf1 22. Rxf1 Qxg2 23. Rg1 Qxg1 24. Bxg1 Rxg1 25. Nxg1 Be7 26. Ng3 Nc5 27. Qh7 Bd7 28. Nf5 Bf8 29. b3 Ne4+ 30. Kb2 Ng5 31. Ng7+ Ke7 32.
Qxh6 f6 33. Qg6 Kd8 34. Nf5 Kc7 35. Ne3 Be7 36. Bd3 Rf8 37. Bf5 Be8 38. Qg7 Rf7 39.
Qg8 Rf8 40. Qg7 Rf7 41. Qh8 Rf8 42. Qh1 b5 43. Nf3 Nf7 44. axb5 axb5 45. Qa1 Nd8 46.
Qa5+ Kb8 47. Qb6+ Nb7 48. c4 Bd8 49. Qa6 Bc7 50. cxb5 Nc5 51. Qa4 Nxa4+ 52. bxa4 Bb6 53. Ng4 Bc5 54. Nf2 Bxf2 55. Nh4 Bc5 0-1

[Event "Live Chess"]
[Site "Chess.com"]
[Date "2024.06.02"]
[Round "-"]
[White "halfberg"]
[Black "MagnersCarlsberg2870"]
[Result "1-0"]
[WhiteElo "1888"]
[BlackElo "1798"]
[TimeControl "300"]
[EndTime "3:35:14 PDT"]
[Termination "halfberg won by resignation"]

1. e4 e5 2. Nf3 Nf6 3. Nxe5 Nc6 4. Nxc6 dxc6 5. d3 Bc5 6. Be2 h5 7. Be3 Bxe3 8. fxe3 Ng4 9. Qd2 Qh4+ 10. g3 Qg5 11.
Bxg4 Bxg4 12. Nc3 O-O-O 13. Ne2 h4 14. O-O-O hxg3 15. hxg3 Bxe2 16. Qxe2 Qxg3 17. Rhg1 Qe5 18. d4 Qxe4 19. Rxg7 Rh1 20. Qg4+ Qxg4 21. Rxg4 Rxd1+ 22. Kxd1 Re8 23. Kd2 Kd7 24. Kd3 Re7 25. e4 Kd6 26. Rf4 b5 27. b3 a5 28. c4 f6 29. Rf5 bxc4+ 30. bxc4 Re6 31. Rxa5 1-0

[Event "Live Chess"]
[Site "Chess.com"]
[Date "2024.06.02"]
[Round "-"]
[White "WilliamofOrange16th"]
[Black "Crowded_House"]
[Result "1-0"]
[WhiteElo "1994"]
[BlackElo "1647"]
[TimeControl "300"]
[EndTime "3:35:17 PDT"]
[Termination "WilliamofOrange16th won by resignation"]

1. e4 e6 2. f4 d5 3. e5 c5 4. c3 Nc6 5. Nf3 Qb6 6. Na3 Nge7 7.
Nc2 g6 8. d4 cxd4 9. cxd4 Bg7 10. Bd3 Bd7 11. O-O Nb4 12. Nxb4 Qxb4 13. a3 Qb6 14. b4 O-O 15. Kh1 Bb5 16. Bc2 Rfc8 17. Rf2 Rc7 18. g4 Rac8 19. Be3 Rc3 20. Bc1 R8c6 21. Bb2 R3c4 22. Bb3 Qc7 23. Bxc4 Rxc4 24. a4 Bd7 25. b5 a6 26. bxa6 bxa6 27. Ne1 Qa5 28. Qd2 Qc7 29. a5 Bb5 30. Nd3 Rc2 31. Qd1 Rxf2 32. Nxf2 Qc4 33. Rc1 Qb3 34. Qxb3 1-0

[Event "Live Chess"]
[Site "Chess.com"]
[Date "2024.06.02"]
[Round "-"]
[White "upoe610"]
[Black "missedJariChance"]
[Result "1-0"]
[WhiteElo "2119"]
[BlackElo "1353"]
[TimeControl "300"]
[EndTime "3:35:37 PDT"]
[Termination "upoe610 won by resignation"]

1. e4 c5 2. Nf3 e6 3. d4 cxd4 4. Nxd4 Nc6 5. Nc3 a6 6. g4 Qc7 7. Nxc6 bxc6 8. Bg2 Be7 9. Be3 Nf6 10. g5 Ng8 11.
Qd4 e5 12. Qd2 Bb4 13. a3 Ba5 14. b4 Bb6 15. Bxb6 Qxb6 16. Qd6 Qd4 17. Qxd4 exd4 18. Ne2 Ne7 19. Nxd4 O-O 20. O-O d5 21. exd5 Nxd5 22. Nxc6 Be6 23. Bxd5 Bxd5 24. Ne7+ 1-0

[Event "Live Chess"]
[Site "Chess.com"]
[Date "2024.06.02"]
[Round "-"]
[White "vincents82"]
[Black "80Times"]
[Result "1-0"]
[WhiteElo "2007"]
[BlackElo "1899"]
[TimeControl "300"]
[EndTime "3:35:37 PDT"]
[Termination "vincents82 won by resignation"]

1. e4 g6 2. d4 d6 3. Nc3 c6 4.
Nf3 Bg7 5. Be2 Nd7 6. Be3 h6 7. Qd2 Ngf6 8. O-O b5 9. a3 a5 10.
e5 Ng4 11. exd6 exd6 12. Bf4 Qe7 13. Rfe1 O-O 14. Bxb5 Qf6 15. Bxc6 Rb8 16. Nd5 1-0

[Event "Live Chess"]
[Site "Chess.com"]
[Date "2024.06.02"]
[Round "-"]
[White "f4nomore"]
[Black "slava_ukr"]
[Result "0-1"]
[WhiteElo "1254"]
[BlackElo "2418"]
[TimeControl "300"]
[EndTime "3:35:57 PDT"]
[Termination "slava_ukr won by resignation"]

1. c4 e5 2. Nc3 f5 3. d3 Nf6 4. g3 Bc5 5. Bg2 O-O 6. Nf3 d6 7. O-O Nc6 8. a3 Qe8 9. b4 Bb6 10. Bb2 f4 11. Nd5 fxg3 12. hxg3 Qh5 13. Nxb6 axb6 14.
e4 Ng4 15. Nh4 g5 16. Bh3 gxh4 17. Bxg4 Bxg4 18. f3 hxg3 19. Qd2 Bxf3 0-1

[Event "Live Chess"]
[Site "Chess.com"]
[Date "2024.06.02"]
[Round "-"]
[White "Mikhail_Golubev"]
[Black "Purple1szed"]
[Result "1-0"]
[WhiteElo "2513"]
[BlackElo "2047"]
[TimeControl "300"]
[EndTime "3:36:07 PDT"]
[Termination "Mikhail_Golubev won by checkmate"]

1. e4 e5 2. Nf3 Nc6 3. Bc4 Nf6 4. d3 Bc5 5. c3 h6 6. Nbd2 d6 7. a4 Bb6 8. Bb3 a5 9. O-O O-O 10. Nc4 Be6 11. Nxb6 cxb6 12. Bxe6 fxe6 13. d4 Nxe4 14. d5 Ne7 15. dxe6 Nc5 16. Be3 Nxe6 17. Qb3 Qd7 18. Nd2 Kh7 19. Bxb6 Nc5 20. Bxc5 dxc5 21. Ne4 Rac8 22.
Rad1 Qc6 23. Rfe1 Nf5 24. Qb5 Qxb5 25. axb5 b6 26. Rd7 Nh4 27. Red1 Nf5 28. g3 Ra8 29. Rb7 Rab8 30. Rxb8 Rxb8 31. Rd7 Kg6 32. Kf1 h5 33.
Ke2 Re8 34. Kd3 Re6 35. h4 Nh6 36. Kc4 Ng4 37. Kd5 Re8 38. Rd6+ Kf5 39. Rxb6 Rd8+ 40. Rd6 Rxd6+ 41. Nxd6+ Kf6 42. Ne4+ Ke7 43. Kc6 Kd8 44. b6 Kc8 45. Nxc5 Nf6 46. b7+ Kb8 47. Na6+ Ka7 48. b8=Q+ Kxa6 49. Qa8# 1-0

[Event "Live Chess"]
[Site "Chess.com"]
[Date "2024.06.02"]
[Round "-"]
[White "Tatarinov_Maxim"]
[Black "ZatixMajor"]
[Result "1-0"]
[WhiteElo "2301"]
[BlackElo "2030"]
[TimeControl "300"]
[EndTime "3:36:08 PDT"]
[Termination "Tatarinov_Maxim won by resignation"]

1. Nf3 c5 2. g3 Nc6 3. Bg2 g6 4.
O-O Bg7 5. c4 Nf6 6. Nc3 O-O 7.
d4 cxd4 8. Nxd4 a6 9. c5 Qc7 10. Nb3 a5 11. Bf4 e5 12. Bg5 a4 13. Nd2 Nd4 14. Rc1 Ne6 15. Bxf6 Bxf6 16. Nxa4 Qa5 17. Nb6 Ra6 18. a3 Nxc5 19. Nxc8 Rxc8 20. b4 Qxa3 21. bxc5 Rxc5 22. Rxc5 Qxc5 23. Bxb7 Rd6 24. Ne4 Rxd1 25. Nxc5 1-0

[Event "Live Chess"]
[Site "Chess.com"]
[Date "2024.06.02"]
[Round "-"]
[White "NAZRIZ1977"]
[Black "SavagePawn7"]
[Result "0-1"]
[WhiteElo "2094"]
[BlackElo "678"]
[TimeControl "300"]
[EndTime "3:36:11 PDT"]
[Termination "SavagePawn7 won on time"]

1. e4 d5 2. exd5 Nf6 3. Nc3 Nxd5 4. Nf3 Be6 5. d4 c6 6. h3 Nxc3 7. bxc3 g6 8. Be2 Bg7 9. O-O O-O 10. a4 Nd7 11. a5 c5 12. d5 Bf5 13. Nh4 Bxc3 14.
Ra3 Bf6 15. Nxf5 gxf5 16. Bh6 Bg7 17. Rg3 Re8 18. Rxg7+ Kh8 19. Qa1 Nf6 20. Bb5 Rg8 21.
Rxg8+ Qxg8 22. Re1 Qg6 23. Rxe7 Qxh6 0-1

[Event "Live Chess"]
[Site "Chess.com"]
[Date "2024.06.02"]
[Round "-"]
[White "GerardATHart"]
[Black "TC2304"]
[Result "0-1"]
[WhiteElo "1367"]
[BlackElo "2338"]
[TimeControl "300"]
[EndTime "3:36:30 PDT"]
[Termination "TC2304 won by resignation"]

1. e4 c6 2. d4 d5 3. exd5 cxd5 4. Bd3 Nf6 5. h3 Nc6 6. Nf3 g6 7. c3 Bg7 8. Bg5 O-O 9. Qd2 Ne4 10. Bxe4 dxe4 11. Nh4 Qd5 12. O-O e5 13. dxe5 Qxd2 14. Nxd2 Nxe5 15. Nxe4 f6 16. Be3 g5 17. Nf3 Nxf3+ 18.
gxf3 Bxh3 19. Rfd1 Rfd8 20. Bd4 Kf7 21. Nc5 b6 22. Nd3 Rd7 23. Rd2 Rad8 24. Rad1 Be6 25. Nb4 a5 26. Nc6 Rc8 27. Bxb6 Rxd2 28. Rxd2 Rxc6 29.
Bxa5 Bxa2 30. b4 Bc4 31. Rd7+ Kg6 32. Rb7 f5 33. Rb6 Rxb6 34. Bxb6 Bxc3 35. Kg2 Bxb4 36.
Kg3 Bd5 37. Be3 f4+ 0-1

[Event "Live Chess"]
[Site "Chess.com"]
[Date "2024.06.02"]
[Round "-"]
[White "Grace6363"]
[Black "Nathaniel250"]
[Result "0-1"]
[WhiteElo "1145"]
[BlackElo "1526"]
[TimeControl "300"]
[EndTime "3:36:34 PDT"]
[Termination "Nathaniel250 won by resignation"]

1. d4 Nf6 2. c4 e6 3. Nf3 d5 4.
cxd5 exd5 5. a3 Bf5 6. Bg5 Be7 7. e3 Ne4 8. Bxe7 Qxe7 9. Nc3 O-O 10. Be2 Nxc3 11.
bxc3 Nc6 12. O-O Nd8 13. Qb3 c6 14. Rfd1 Rb8 15. Bd3 Bg4 16. Ne5 Bxd1 17. Rxd1 Ne6 18. Bf5 g6 19. Bg4 f5 20. Be2 Ng5 21. f4 Nf7 22. Kf2 Rfe8 23. Qb4 Qxb4 24. axb4 Re7 25. b5 cxb5 26. Bxb5 a6 27. Bd3 b5 28. Ra1 Nxe5 29. dxe5 Re6 30. h3 h5 31. Kf3 Rc8 32. Ra3 Kf7 33.
g4 hxg4+ 34. hxg4 fxg4+ 35. Kxg4 Rec6 36. f5 Rxc3 37. fxg6+ Kg7 38. Rxc3 Rxc3 39. Bf5 Rxe3 40. e6 d4 41. Kf4 a5 42. Bc2 Rxe6 43. Kf5 Re3 44. Bb3 a4 45. Be6 b4 46. Bd7 a3 47.
Ba4 b3 0-1

[Event "Live Chess"]
[Site "Chess.com"]
[Date "2024.06.02"]
[Round "-"]
[White "elis06"]
[Black "Victor_Bondar"]
[Result "0-1"]
[WhiteElo "2312"]
[BlackElo "1474"]
[TimeControl "300"]
[EndTime "3:36:37 PDT"]
[Termination "Victor_Bondar won by checkmate"]

1. Nf3 Nf6 2. g3 d5 3. Bg2 e6 4.
O-O c5 5. c4 d4 6. d3 Nc6 7. e3 Be7 8. exd4 cxd4 9. Bg5 h5 10.
Nbd2 a5 11. Re1 Ra6 12. a3 a4 13. h4 Ng4 14. Bxe7 Qxe7 15. Qe2 O-O 16. Ng5 e5 17. Qe4 g6 18. Qe2 Bf5 19. Nde4 Na5 20. Nd2 Rb6 21. Rab1 Nb3 22. Nge4 Kg7 23. Nxb3 Rxb3 24.
Red1 Bxe4 25. Qxe4 f5 26. Qe2 e4 27. dxe4 fxe4 28. Rxd4 Rxf2 29. Qxe4 Qxe4 30. Rxe4 Rxg3 31. Rxg4 Rfxg2+ 32. Kf1 Rxg4 33. Re1 Rh2 34. Re3 Rxc4 35.
Re7+ Kf6 36. Re2 Rc1+ 37. Re1 Rh1+ 38. Kf2 Rhxe1 39. Kg2 Re3 40. Kf2 Rd3 41. Ke2 Rh3 42.
Kf2 Rc2+ 43. Kg1 Rd3 44. Kf1 Rd1# 0-1

[Event "Live Chess"]
[Site "Chess.com"]
[Date "2024.06.02"]
[Round "-"]
[White "lateforthesky"]
[Black "Queensandpawns"]
[Result "0-1"]
[WhiteElo "2075"]
[BlackElo "2245"]
[TimeControl "300"]
[EndTime "3:37:02 PDT"]
[Termination "Queensandpawns won by resignation"]

1. e4 e5 2. Nf3 Nf6 3. d4 Nxe4 4.
dxe5 d5 5. Bd3 Nc5 6. Be2 Nc6 7.
O-O Be6 8. Bg5 Be7 9. Bxe7 Qxe7 10. Re1 O-O-O 11. Nc3 d4 12. Nb5 Qd7 13. a4 a6 14.
Na3 g5 15. Bc4 g4 16. Nd2 Rdg8 17. Bxe6 Qxe6 18. Nac4 h5 19. Ra3 h4 20. Qb1 g3 21.
fxg3 hxg3 22. Rxg3 Rxg3 23. hxg3 Qh6 24. b4 Nxa4 25.
Qb3 Nc3 26. Nf3 Qg6 27. Nxd4 Qxg3 28. Nf3 Nd4 29. Nd6+ Kb8 30. Qxc3 Nxf3+ 0-1

[Event "Live Chess"]
[Site "Chess.com"]
[Date "2024.06.02"]
[Round "-"]
[White "SimonBoy1"]
[Black "ZatixMajor"]
[Result "0-1"]
[WhiteElo "1521"]
[BlackElo "2031"]
[TimeControl "300"]
[EndTime "3:37:03 PDT"]
[Termination "ZatixMajor won by resignation"]

1. e4 c5 2. Nf3 Nc6 3. d4 cxd4 4.
Nxd4 g6 5. Nc3 Bg7 6. Be3 Nf6 7. f3 O-O 8. Qd2 d5 9. exd5 Nxd5 10. O-O-O Nxe3 11. Qxe3 Bxd4 12. Rxd4 Qxd4 13. Qxd4 Nxd4 0-1

[Event "Live Chess"]
[Site "Chess.com"]
[Date "2024.06.02"]
[Round "-"]
[White "TigerTank70"]
[Black "Tunyk_Vladyslav"]
[Result "0-1"]
[WhiteElo "2213"]
[BlackElo "2406"]
[TimeControl "300"]
[EndTime "3:37:18 PDT"]
[Termination "Tunyk_Vladyslav won by resignation"]

1. e4 e6 2. d4 d5 3. e5 c5 4. c3 Qb6 5. Nf3 Nc6 6. a3 Bd7 7. b4 cxd4 8. cxd4 Rc8 9. Bb2 Na5 10.
Nbd2 Nc4 11. Bxc4 dxc4 12. Bc3 Qa6 13. O-O Bc6 14. Qe2 b5 15. Ne4 Nh6 16. Nc5 Bxc5 17.
dxc5 Nf5 18. Ng5 Qb7 19. Qh5 Bxg2 20. Nxf7 Qxf7 21. Qxf7+ Kxf7 22. Kxg2 Ne7 23. a4 Nd5 24. Rfc1 a6 25. axb5 axb5 26. Ra5 Rb8 27. Ra7+ Kg6 28. Kf3 Rhf8+ 29. Ke2 Nf4+ 30. Ke3 Nd5+ 31. Kd2 Rxf2+ 32. Ke1 Rxh2 0-1

[Event "Live Chess"]
[Site "Chess.com"]
[Date "2024.06.02"]
[Round "-"]
[White "MaximKovalenko83"]
[Black "silunn"]
[Result "1/2-1/2"]
[WhiteElo "2180"]
[BlackElo "2179"]
[TimeControl "300"]
[EndTime "3:37:26 PDT"]
[Termination "Game drawn by repetition"]

1. d4 e6 2. Nf3 d5 3. c4 Nf6 4.
Nc3 Be7 5. Bf4 O-O 6. e3 c5 7.
cxd5 Nxd5 8. Nxd5 Qxd5 9. Be2 Nc6 10. O-O cxd4 11. Nxd4 Nxd4 12. exd4 Bf6 13. Be3 Rd8 14.
Bf3 Qb5 15. Qd2 Bd7 16. a4 Qf5 17. Bxb7 Rab8 18. Ba6 Bc6 19. Rad1 Bxg2 20. Kxg2 Qg4+ 21. Kh1 Qf3+ 22. Kg1 Qg4+ 23. Kh1 Qf3+ 24. Kg1 Qg4+ 25. Kh1 1/2-1/2

[Event "Live Chess"]
[Site "Chess.com"]
[Date "2024.06.02"]
[Round "-"]
[White "Brooms1989"]
[Black "WeakOldFinished"]
[Result "0-1"]
[WhiteElo "1238"]
[BlackElo "2174"]
[TimeControl "300"]
[EndTime "3:37:27 PDT"]
[Termination "WeakOldFinished won by resignation"]

1. e4 d5 2. exd5 Qxd5 3. d4 e5 4. dxe5 Qxd1+ 5. Kxd1 Nc6 6. Nf3 Bg4 7. Be2 O-O-O+ 8. Ke1 Bxf3 9. Bxf3 Nxe5 10. Ke2 Nf6 11. Bg5 Be7 12. Re1 h6 13. Be3 Bb4 14. Rd1 Rxd1 15.
Kxd1 Nxf3 16. gxf3 Rd8+ 17. Ke2 Nd5 18. c3 Ba5 19. Nd2 Bb6 20. Bxb6 axb6 21. Rd1 Nf4+ 22.
Ke3 g5 23. Ne4 Rxd1 0-1

[Event "Live Chess"]
[Site "Chess.com"]
[Date "2024.06.02"]
[Round "-"]
[White "matt1979"]
[Black "Eva3337"]
[Result "1/2-1/2"]
[WhiteElo "1409"]
[BlackElo "1174"]
[TimeControl "300"]
[EndTime "3:37:40 PDT"]
[Termination "Game drawn by stalemate"]

1. f4 Nc6 2. Nf3 d6 3. e4 e5 4. f5 Nf6 5. Nc3 d5 6. d3 d4 7. Nb1 g6 8. fxg6 fxg6 9. Bg5 Be7 10. Be2 O-O 11. O-O Nh5 12. Bxe7 Qxe7 13. Qe1 Nf4 14. Nbd2 Nxe2+ 15. Qxe2 Bg4 16. h3 Bxf3 17. Nxf3 Rf4 18. g3 Rf6 19. Kg2 Raf8 20. Nh4 Rxf1 21. Rxf1 Rxf1 22.
Qxf1 Kg7 23. Qe2 Qg5 24. Nf3 Qf6 25. Qf2 Qe6 26. a3 Qa2 27. Ng5 h6 28. Qf7+ Qxf7 29. Nxf7 Kxf7 30. Kf3 Kf6 31. g4 g5 32. Kg3 b5 33.
Kf3 Na5 34. Kg3 c5 35. Kf3 Nc6 36. Kg3 a5 37. Kf3 b4 38. a4 Ke6 39. b3 Ne7 40. Kg3 Ng6 41. Kf3 Nf4 42. Kg3 Ne2+ 43. Kf3 Nc1 44. Kf2 Na2 45. Ke2 Nc3+ 46. Kd2 Nd5 47. exd5+ Kxd5 48. Ke2 e4 49. dxe4+ Kxe4 50. Kf2 Kf4 51. Kg2 Ke3 52. Kf1 d3 53. cxd3 Kxd3 54. Ke1 Kc3 55. Kd1 Kxb3 56. Kc1 Kxa4 57. Kb2 b3 58.
Kb1 c4 59. Kb2 c3+ 60. Kxc3 Ka3 61. Kc4 Ka2 62. Kb5 b2 63. Kxa5 b1=Q 64. Ka6 Qb3 65. Ka7 Ka3 66. Ka6 Qb4 67. Ka7 Ka4 68. h4 Qb5 69. Ka8 Ka5 70. h5 Qb6 1/2-1/2

[Event "Live Chess"]
[Site "Chess.com"]
[Date "2024.06.02"]
[Round "-"]
[White "karina55"]
[Black "LL220284LL"]
[Result "0-1"]
[WhiteElo "1850"]
[BlackElo "2508"]
[TimeControl "300"]
[EndTime "3:37:40 PDT"]
[Termination "LL220284LL won by resignation"]

1. e4 g6 2. d4 Bg7 3. Nc3 d6 4. f4 c6 5. Nf3 Nf6 6. a4 Bg4 7. Be3 Nbd7 8. h3 Bxf3 9. gxf3 e5 10. fxe5 dxe5 11. Qd2 O-O 12. Bc4 exd4 13. Bxd4 Qc7 14.
Kf2 Rad8 15. Qe3 Nb6 16. Bb3 Ng4+ 17. hxg4 Bxd4 18. a5 Bxe3+ 19. Kxe3 Nd7 20. Rh3 Nc5 21. Bc4 Ne6 22. Ne2 Qe5 23. Rah1 Qc5+ 0-1

[Event "Live Chess"]
[Site "Chess.com"]
[Date "2024.06.02"]
[Round "-"]
[White "booktrunk"]
[Black "yarek"]
[Result "0-1"]
[WhiteElo "1497"]
[BlackElo "1759"]
[TimeControl "300"]
[EndTime "3:37:51 PDT"]
[Termination "yarek won by resignation"]

1. d4 g6 2. Nc3 Bg7 3. Bf4 d6 4. e4 c6 5. Nf3 Bg4 6. Be2 Nf6 7. h3 Bxf3 8. Bxf3 Nbd7 9. O-O O-O 10. Rb1 e5 11.
dxe5 dxe5 12. Bg3 Qc7 13. Qd2 Rad8 14. Rbd1 Nc5 15. Qc1 b5 16. Rxd8 Rxd8 17. Rd1 Rxd1+ 18. Qxd1 Bh6 19. a3 a5 20. Bh4 Nfd7 21. Be7 b4 22. axb4 axb4 23. Bd6 Qb6 24. Ne2 Nf6 25. Be7 Nfxe4 26. Bd8 Qa7 27. Bxe4 Nxe4 28. Qe1 Bd2 29. Qf1 Nxf2 30. Kh2 Ne4 31. Ng3 Bf4 32. Bh4 g5 33.
Bxg5 Nxg5 34. h4 Ne4 35. Kh3 Qd7+ 0-1

[Event "Live Chess"]
[Site "Chess.com"]
[Date "2024.06.02"]
[Round "-"]
[White "WilliamofOrange16th"]
[Black "Ziipyyy"]
[Result "1-0"]
[WhiteElo "1994"]
[BlackElo "1300"]
[TimeControl "300"]
[EndTime "3:37:52 PDT"]
[Termination "WilliamofOrange16th won by checkmate"]

1. e4 c6 2. d4 d5 3. exd5 cxd5 4. c4 Nf6 5. Nc3 Be6 6. c5 Nc6 7. Nf3 g6 8. Bf4 Bg4 9. Bb5 Qd7 10. Qd3 a6 11. Ne5 Bf5 12. Nxd7 Bxd3 13. Nxf6+ exf6 14. Bxd3 Nxd4 15. Nxd5 O-O-O 16. Nb6# 1-0

[Event "Live Chess"]
[Site "Chess.com"]
[Date "2024.06.02"]
[Round "-"]
[White "JohanKjeldahl"]
[Black "dmitro74"]
[Result "1/2-1/2"]
[WhiteElo "1796"]
[BlackElo "1726"]
[TimeControl "300"]
[EndTime "3:38:24 PDT"]
[Termination "Game drawn by repetition"]

1. e4 e6 2. d4 d5 3. Nd2 dxe4 4. Nxe4 Nd7 5. Nf3 Ngf6 6. Bd3 Nxe4 7. Bxe4 Nf6 8. Bd3 c5 9. Be3 cxd4 10. Bxd4 Be7 11.
c3 O-O 12. O-O b6 13. Bxf6 Bxf6 14. Be4 Rb8 15. Qc2 g6 16. Rad1 Qe7 17. Nd4 Ba6 18. Nc6 Qc7 19. Nxb8 Bxf1 20. Kxf1 Rxb8 21. g3 Rd8 22.
Rxd8+ Bxd8 23. Qa4 Qe7 24. Ke2 f5 25. Bd3 Kg7 26.
Qd4+ e5 27. Qd5 Bc7 28. Bc4 Bd6 29. Qg8+ Kh6 30. h4 Qf8 31. Qd5 a5 32. a3 Bc5 33. b4 axb4 34. axb4 Be7 35. Qe6 e4 36. Qxb6 Qc8 37. Qe3+ Kg7 38. Bd5 Qa6+ 39. Kd2 Qa1 40. Bb3 Bf6 41. Bc2 Qa8 42. b5 Qd5+ 43. Kc1 Qxb5 44.
Kd2 Qd5+ 45. Kc1 Qc4 46. Kd2 Qd5+ 47. Kc1 Qc4 48. Kd2 Qd5+ 1/2-1/2

[Event "Live Chess"]
[Site "Chess.com"]
[Date "2024.06.02"]
[Round "-"]
[White "KeithArkell"]
[Black "oscalik"]
[Result "1-0"]
[WhiteElo "2409"]
[BlackElo "2240"]
[TimeControl "300"]
[EndTime "3:38:52 PDT"]
[Termination "KeithArkell won - game abandoned"]

1. d4 Nf6 2. Nf3 g6 3. c4 d6 4. g3 Bg7 5. Bg2 O-O 6. O-O c5 7. dxc5 dxc5 8. Nc3 Nc6 9. Bf4 Qb6 10. b3 Nh5 11.
Nd5 Qa5 12. Bd2 Qd8 13. Bc3 Nf6 14. Nxf6+ exf6 15. Qxd8 Rxd8 16. Rfd1 Be6 17. e3 a5 18.
a4 Nb4 19. Nd2 Rd3 20. Ne4 Rad8 21. Rxd3 Rxd3 22. Bxb4 cxb4 23. Nc5 1-0

[Event "Live Chess"]
[Site "Chess.com"]
[Date "2024.06.02"]
[Round "-"]
[White "Purple1szed"]
[Black "f4nomore"]
[Result "1-0"]
[WhiteElo "2047"]
[BlackElo "1254"]
[TimeControl "300"]
[EndTime "3:38:55 PDT"]
[Termination "Purple1szed won by resignation"]

1. e4 g6 2. d4 Bg7 3. Nf3 d6 4. Nc3 Nf6 5. Be3 Nbd7 6. Qd2 Ng4 7. Bf4 e5 8. dxe5 dxe5 9. Bg3 O-O 10. h3 Nh6 11.
O-O-O f5 12. Nxe5 Nf7 13. Nxd7 Bxd7 14. Qxd7 Qg5+ 15. Qd2 Qxd2+ 16. Rxd2 Bh6 17. f4 Rad8 18. Rxd8 Rxd8 19. Bc4 Kg7 20. Bxf7 Kxf7 21. exf5 gxf5 22. Rd1 Rxd1+ 23. Kxd1 c6 24. Ke2 Bg7 25. Ke3 Bf6 26. Bf2 c5 27. g4 Bd4+ 28. Ke2 Bxf2 29. Kxf2 fxg4 30. hxg4 b6 31. Kf3 Kf6 32. Ke4 a6 33.
Nd5+ 1-0

[Event "Live Chess"]
[Site "Chess.com"]
[Date "2024.06.02"]
[Round "-"]
[White "Bodhanas"]
[Black "StoreySniper"]
[Result "1-0"]
[WhiteElo "2310"]
[BlackElo "2488"]
[TimeControl "300"]
[EndTime "3:38:57 PDT"]
[Termination "Bodhanas won by resignation"]

1. d4 g6 2. Nf3 Bg7 3. c4 c5 4. e3 d6 5. Nc3 Nc6 6. Be2 Nh6 7.
O-O O-O 8. dxc5 dxc5 9. Qxd8 Rxd8 10. Rd1 Bxc3 11. Rxd8+ Nxd8 12. bxc3 Nc6 13. e4 Ng4 14. h3 Nf6 15. e5 Nd7 16. e6 fxe6 17. Be3 b6 18.
Rd1 Nf6 19. Ng5 Ba6 20. Nxe6 Ne5 21. Nc7 Rc8 22. Nxa6 Ne4 23. Rc1 Nd6 24. Bf4 Nexc4 25. Bxd6 Nxd6 26. Rd1 Kf7 27. a4 Ke8 28. a5 Kd8 29. Rb1 bxa5 30. Ra1 Ne4 31. Rxa5 Nxc3 32. Bc4 Ne4 33. Be6 Ra8 34. Bd5 1-0

[Event "Live Chess"]
[Site "Chess.com"]
[Date "2024.06.02"]
[Round "-"]
[White "Dhaydon19"]
[Black "uselessduffer"]
[Result "1-0"]
[WhiteElo "2632"]
[BlackElo "2366"]
[TimeControl "300"]
[EndTime "3:39:08 PDT"]
[Termination "Dhaydon19 won by resignation"]

1. d4 Nf6 2. Nf3 e6 3. g3 b5 4.
Bg2 Bb7 5. c3 c5 6. O-O Na6 7.
Nbd2 Be7 8. Re1 d5 9. Ne5 O-O 10. Ndf3 Ne4 11. Be3 Rc8 12. Nd2 Nd6 13. Nb3 Nc4 14.
Nxc4 bxc4 15. Nd2 cxd4 16. Bxd4 Nc5 17. Qc2 e5 18. Bxe5 Re8 19. Bd4 Bf6 20. Nf3 Ne4 21.
Rad1 a5 22. Bxf6 Qxf6 23. e3 h5 24. h4 Rcd8 25. Nd4 Nc5 26. b3 Nd3 27. Re2 Bc8 28.
Red2 Bg4 29. Rf1 g5 30. hxg5 Qxg5 31. Rxd3 cxd3 32. Qxd3 h4 33. gxh4 Qxh4 34. f3 Bc8 35. Qd2 Rd6 36. Qf2 Qh5 37. Ne2 Kh7 38. Nf4 Qh6 39.
Re1 Rg8 40. Kf1 Qh2 41. Ke2 Rh6 42. Rh1 Qg3 43. Qxg3 Rxg3 44. Rxh6+ Kxh6 45. Kf2 Rg8 46. Nxd5 Rd8 47. c4 Bb7 48. f4 Bxd5 49. Bxd5 f6 50. e4 Kg7 51. Ke3 Kf8 52. Kd4 Ke7 53. a3 Rb8 54. c5 1-0

[Event "Live Chess"]
[Site "Chess.com"]
[Date "2024.06.02"]
[Round "-"]
[White "halfberg"]
[Black "ogpin"]
[Result "1-0"]
[WhiteElo "1902"]
[BlackElo "2176"]
[TimeControl "300"]
[EndTime "3:39:32 PDT"]
[Termination "halfberg won by resignation"]

1. e4 d6 2. d4 Nd7 3. Nc3 Ngf6 4. Nf3 e5 5. dxe5 dxe5 6. Bg5 Be7 7. Bd3 Kf8 8. O-O h6 9. Bh4 g5 10. Bg3 c6 11. Nxe5 Nxe5 12. Bxe5 Kg7 13. f4 g4 14.
f5 h5 15. Qe2 Re8 16. Qe3 Qb6 17. Bd4 c5 18. Qg5+ Kh7 19. Bxf6 Qxf6 20. Qxh5+ Qh6 21. Qxf7+ Kh8 22. Qxe8+ Kh7 23. Qxe7+ 1-0